 Dungeon Crawl Stone Soup version 0.30-a0-691-g754fce4c43 (webtiles) character file.

Game seed: 2158330262887396960

121 testman the Trooper (level 5, 0/40 HPs)
             Began as a Djinni Warper on Jan 19, 2023.
             Slain by a gnoll
             ... wielding a +0 club
              (6 damage)
             ... on level 3 of the Dungeon.
             The game lasted 00:07:09 (2561 turns).

testman the Trooper (Djinni Warper)                 Turns: 2561, Time: 00:07:10

Health: 0/40       AC:  7    Str: 10    XL:     5   Next: 26%
Gold:   138        EV: 11    Int: 16    God:
                   SH:  0    Dex: 13

rFire   + + .      SeeInvis .    a - +0 falchion
rCold   x . .      Faith    .    (no shield)
rNeg    . . .      Spirit   .    b - +0 leather armour
rPois   ∞          Reflect  .    j - +2 hat
rElec   .          Harm     .    p - +0 cloak
rCorr   .          Rampage  .    r - +0 pair of gloves
Will    .....                    (boots unavailable)
Stlth   +                        (no amulet)
HPRegen 0.26/turn                (no ring)
MPRegen 0.00/turn                (no ring)

@: flying
A: sickness immunity, fire resistance 2, cold vulnerability 1, float, innate
caster, HP casting, extra vitality 1
a: no special abilities


You were on level 3 of the Dungeon.
You visited 1 branch of the dungeon, and saw 4 of its levels.

You collected 138 gold pieces.

Inventory:

Hand Weapons
 a - a +0 falchion (weapon)
Missiles
 d - 7 boomerangs of dispersal (quivered)
 o - a throwing net
 u - 4 javelins
 w - 2 poisoned darts
Armour
 b - a +0 leather armour (worn)
 j - a +2 hat (worn)
 p - a +0 cloak (worn)
 r - a +0 pair of gloves (worn)
Scrolls
 c - a scroll of blinking
 e - a scroll of teleportation {unknown}
 f - 5 scrolls of identify {unknown}
 h - a scroll of immolation {unknown}
 k - a scroll of vulnerability {unknown}
 m - a scroll of poison {unknown}
 q - a scroll of noise {unknown}
 s - a scroll of amnesia {unknown}
 v - a scroll of torment {unknown}
 x - a scroll of magic mapping {unknown}
Potions
 g - 2 potions of attraction {unknown}
 i - a potion of might {unknown}
 l - a potion of flight {unknown}
 n - 5 potions of curing {unknown}
 t - a potion of ambrosia {unknown}


   Skills:
 + Level 3.3 Fighting
 + Level 3.0 Long Blades
 - Level 0.7 Throwing
 - Level 1.0 Armour
 - Level 2.1 Dodging
 + Level 3.1 Spellcasting


You couldn't memorise any spells.
You knew the following spells:

 Your Spells              Type           Power      Damage    Failure   Level
a - Blink                 Tloc           24%        N/A       11%         2
b - Lesser Beckoning      Tloc           24%        N/A       11%         2
c - Vhi's Electric Charg  Tloc/Air       24%        N/A       21%         3
d - Teleport Other        Tloc           12%        N/A       21%         3
e - Manifold Assault      Tloc           12%        N/A       56%         4
f - Apportation           Tloc           24%        N/A       7%          1
g - Momentum Strike       Conj/Tloc      24%        3d8       11%         2
Your spell library was empty.

Dungeon Overview and Level Annotations

Branches:
Dungeon (4/15)
 Temple: D:4-7

Altars:
Zin

Annotations:
D:3 3 runed translucent doors, MrSquiggles's ghost, amateur OpMo; sirJeffrey23's ghost, amateur BaGl


Innate Abilities, Weirdness & Mutations

You are immune to sickness and miasma.
You are immune to poison.
Your flesh is very heat resistant. (rF++)
You are vulnerable to cold. (rC-)
You float through the air rather than walking.
You learn spells naturally, not from books.
Your magical power is your life essence.
You have superior vitality. (+4 MHP)


Message History

You completely miss the adder.
The adder is almost dead.
The adder misses you. The adder closely misses you.
You miss the adder.
The adder is almost dead.
The adder bites you but does no damage.
The gnoll hits you from afar with a +0 spear.
The gnoll hits you with a +0 club.
You closely miss the adder.
The adder is almost dead.
The gnoll shouts!
You hear a shout!
The adder closely misses you.
The gnoll hits you from afar with a +0 spear.
The adder bites you.
You hit the adder but do no damage.
The adder is almost dead.
The adder bites you but does no damage.
The gnoll hits you but does no damage. x2
You miss the adder.
The adder is almost dead.
The adder bites you. The gnoll hits you but does no damage.
The gnoll hits you with a +0 club. The adder barely misses you.
A ball python comes into view.
You hit the adder.
You kill the adder!
The gnoll hits you from afar with a +0 spear.
The gnoll hits you with a +0 club.
Your Long Blades skill increases to level 3!
Casting: Teleport Other (quite dangerous; 21% risk of failure)
Confirm with . or Enter, or press ? or * to list all spells.
You blink.
You feel stable enough to blink again.
There is a stone staircase leading up here.
The gnoll hits you with a +0 club.
You fly upwards.
Level annotation: 3 runed translucent doors, MrSquiggles's ghost, amateur OpMo; sirJeffrey23's ghost, amateur BaGl
There is a stone staircase leading down here.
You barely miss the gnoll. The gnoll hits you with a +0 club!
* * * LOW HITPOINT WARNING * * *
The gnoll hits you with a +0 club.
You die...

.##....# .##....#
.##....# .##....#
.##....# .##....#
.##....##############
###..............g..#
'...............@...#
###.................# #
#.................# #
#.................# #
#####.............##### #
#...'.................#
##.##.............###.#
####.##.............###.#
.....####.)..........##.#


You could see a gnoll.

Vanquished Creatures
  6 adders
  2 worms
  2 dart slugs (D:3)
  5 endoplasms
  4 goblins
  2 hobgoblins
  7 jackals
  A quokka (D:3)
  6 ball pythons
  9 bats
  5 frilled lizards
  6 kobolds
  6 rats
61 creatures vanquished.

Vanquished Creatures (others)
  2 plants (D:2)
2 creatures vanquished.

Grand Total: 63 creatures vanquished

Notes
Turn   | Place    | Note
-------+----------+-------------------------------------------
     0 | D:1      | testman the Djinni Warper began the quest for the Orb.
     0 | D:1      | testman set off with the following spells memorised: Blink,
                  | Lesser Beckoning, Vhi's Electric Charge, Teleport Other,
                  | Manifold Assault.
     0 | D:1      | Reached XP level 1. HP: 18/18 MP: 0/0
   188 | D:1      | Reached XP level 2. HP: 23/23 MP: 0/0
   416 | D:1      | Reached XP level 3. HP: 29/29 MP: 0/0
   416 | D:1      | Learned a level 1 spell: Apportation
   585 | D:2      | Found a glowing silver altar of Zin.
  1070 | D:2      | Reached XP level 4. HP: 23/34 MP: 0/0
  2011 | D:3      | Found a runed translucent gate.
  2011 | D:3      | Found a runed translucent gate.
  2011 | D:3      | Found a runed translucent gate.
  2012 | D:3      | Noticed MrSquiggles's ghost (amateur OpMo)
  2038 | D:3      | Reached XP level 5. HP: 40/40 MP: 0/0
  2038 | D:3      | Learned a level 2 spell: Momentum Strike
  2227 | D:3      | Noticed sirJeffrey23's ghost (amateur BaGl)
  2561 | D:3      | Slain by a gnoll

Illustrated notes

Levels and vault maps discovered:
D:1:      tarquinn_simple_flora_water_e, layout_rooms, minmay_heptomino_d4
D:2:      layout_rooms, basic_altar, nrook_uturn, serial_bayou_lagoon_a
D:3:      layout_basic, gammafunk_ghost_cemetery, kennysheep_generic_room_3
D:4:      minmay_wonky_spiral, layout_cave_pools,
          mainiacjoe_overflow_surrounded_room, kennysheep_mini_moat

Skill      XL: |  1  2  3  4  5 |
---------------+----------------+-----
Long Blades    | 2 3 |  3.0
Spellcasting   | 3 |  3.1
Fighting       | 3 |  3.3
Throwing       | |  0.7
Armour         | |  1.0
Dodging        | |  2.1

Action                   |  1- 3 |  4- 6 || total
-------------------------+-------+-------++-------
Melee: Falchion          |   119 |   126 ||   245
       Punch             |     2 |     3 ||     5
 Cast: Teleport Other    |       |     3 ||     3
       Blink             |       |     1 ||     1
Armor: Leather armour    |    51 |    64 ||   115
Dodge: Dodged            |    88 |    88 ||   176

Table legend: (Time is in decaauts)
 A = Elapsed time spent in this place.
 B = Non-inter-level travel time spent in this place.
 C = Inter-level travel time spent in this place.
 D = Time resting spent in this place.
 E = Time spent auto-exploring this place.
 F = Levels seen in this place.
 G = Mean time per level.
                   A        B        C        D        E       F      G
               +--------+--------+--------+--------+--------+-----+--------+
         Total |   2605 |   2479 |    126 |    170 |   1643 |   4 |  651.2 |
       Dungeon |   2605 |   2479 |    126 |    170 |   1643 |   4 |  651.2 |
               +--------+--------+--------+--------+--------+-----+--------+

Top non-repeatable levels by time:
     D:3: 1147 daAuts
     D:2: 815 daAuts
     D:1: 596 daAuts
     D:4: 46 daAuts
